 Seeded DCSS version 0.28.0-61-g67df4f89a8 (webtiles) character file.

Game seed: 817364486559478969 (custom seed)

168 Mickster the Digger (level 5, -9/39 HPs)
             Began as a Demigod Earth Elementalist on Feb 21, 2023.
             Mangled by an ogre
             ... wielding a +0 giant club
              (22 damage)
             ... on level 3 of the Dungeon.
             The game lasted 00:32:22 (2871 turns).

Mickster the Digger (Demigod Earth Elementalist)    Turns: 2871, Time: 00:32:23

Health: -9/39      AC:  9    Str:  9    XL:     5   Next: 3%
Magic:  10/12      EV:  4    Int: 21    God:
Gold:   56         SH:  0    Dex: 14    Spells: 8/9 levels left

rFire   x . .      SeeInvis .   j - +2 mace (drain)
rCold   + . .      Faith    .   (no shield)
rNeg    + . .      Spirit   .   l - +0 chain mail
rPois   .          Reflect  .   g - +0 helmet
rElec   .          Harm     .   (no cloak)
rCorr   .          Rampage  .   (no gloves)
Will    .....                   (no boots)
Stlth   ..........              (no amulet)
HPRegen 0.13/turn               f - ring of ice
MPRegen 0.13/turn               b - ring of positive energy

@: very slightly contaminated
A: high MP 1, forlorn, divine attributes
a: no special abilities


You were on level 3 of the Dungeon.
You visited 1 branch of the dungeon, and saw 3 of its levels.

You collected 56 gold pieces.

Inventory:

Hand Weapons
 a - a +0 club
 d - a +2 dagger of venom
 h - a +0 spear
 j - a +2 mace of draining (weapon)
 k - a +0 hunting sling
Missiles
 c - 50 stones
 i - 4 poisoned darts (quivered)
Armour
 e - a +0 leather armour
 g - a +0 helmet (worn)
 l - a +0 chain mail (worn)
Jewellery
 b - a ring of positive energy (right hand)
 f - a ring of ice (left hand)


   Skills:
 + Level 0.6 Fighting
 * Level 1.1 Maces & Flails
 + Level 0.8 Throwing
 + Level 0.9 Armour
 + Level 1.9 Dodging
 + Level 2.3 Stealth
 + Level 2.9 Spellcasting
 + Level 0.8 Transmutations
 + Level 3.6 Earth Magic


You had 8 spell levels left.
You knew the following spells:

 Your Spells              Type           Power      Damage    Failure   Level
a - Sandblast             Erth           36%        2d10      98%         1

Your spell library contained the following spells:

 Spells                   Type           Power      Damage    Failure   Level
 Summon Small Mammal      Summ           12%        N/A       100%        1
 Passwall                 Tmut/Erth      10%        N/A       100%        2
 Call Canine Familiar     Summ           3%         N/A       100%        3
 Stone Arrow              Conj/Erth      20%        3d8       100%        3
 Summon Guardian Golem    Hex/Summ       3%         N/A       100%        3
 Petrify                  Tmut/Erth      12%        N/A       100%        4


Dungeon Overview and Level Annotations

Branches:
Dungeon (3/15)

Shops:
D:1 (   D:3 :

Annotations:
D:2 1 runed translucent door, Crazy Yiuf


Innate Abilities, Weirdness & Mutations

You have an increased reservoir of magic. (+10% MP)
You shall have no god before yourself.
Your divine heritage dramatically boosts your attributes as you level up.


Message History

Aim: an ogre, wielding a +0 giant club (90% to hit)
You miscast Sandblast.
You are very lightly contaminated with residual magic.
Nothing appears to happen.
Casting: Sandblast (safe; 98% risk of failure)
Confirm with . or Enter, or press ? or * to list all spells.
Aiming: Sandblast (safe; 98% risk of failure)
Press: ? - help, Shift-Dir - straight line, f/p - ogre
Aim: an ogre, wielding a +0 giant club (90% to hit)
You miscast Sandblast.
Nothing appears to happen.
A goblin comes into view. It is wielding a +0 dagger.
Casting: Sandblast (safe; 98% risk of failure)
Confirm with . or Enter, or press ? or * to list all spells.
Aiming: Sandblast (safe; 98% risk of failure)
Press: ? - help, Shift-Dir - straight line, f/p - ogre
Aim: an ogre, wielding a +0 giant club (90% to hit)
You miscast Sandblast.
Nothing appears to happen.
The goblin shouts!
The ogre barely misses you.
You sock the ogre! You punch the ogre, but do no damage.
The ogre is moderately wounded.
A goblin comes into view. It is wielding a +0 club.
The ogre hits you with a +0 giant club.
The goblin shouts!
You hit the ogre.
The ogre is moderately wounded.
The ogre hits you with a +0 giant club.
You closely miss the ogre.
The ogre is moderately wounded.
The ogre hits you with a +0 giant club!!
Ouch! That really hurt!
You hit the ogre.
The ogre is heavily wounded.
The ogre barely misses you.
You barely miss the ogre.
The ogre is moderately wounded.
The goblin hits you but does no damage.
The ogre hits you with a +0 giant club!!
Ouch! That really hurt!
You die...

... .. .. # .# # #. .#
#.##.######.##
.............# .
..#.##.....###.... ..
..........@Og..... .#
###.##.....g##....
.#######.#...#...##. ..
#.............#......
..............#......
..............#.......
......................
.............##...####.
∩.8..........+ ......


You could see an ogre and 2 goblins.

Vanquished Creatures
  Natasha (thrice) (D:2)
  An orc wizard (D:3)
  Robin (D:2)
  A dart slug (D:3)
  2 orcs (D:3)
  2 bats (D:1)
  4 endoplasms
  A giant cockroach (D:2)
  13 goblins
  6 hobgoblins
  4 jackals (D:2)
  4 kobolds
  A quokka (D:1)
  3 ball pythons (D:1)
  A frilled lizard (D:1)
  A rat (D:1)
48 creatures vanquished.

Notes
Turn   | Place    | Note
-------+----------+-------------------------------------------
     0 | D:1      | Mickster the Demigod Earth Elementalist began the quest for
                  | the Orb.
     0 | D:1      | Reached XP level 1. HP: 14/14 MP: 5/5
   338 | D:1      | Found Niro's Weapon Shop.
   576 | D:1      | Reached XP level 2. HP: 20/20 MP: 2/7
   614 | D:1      | Reached skill level 3 in Earth Magic
  1122 | D:2      | Found a runed translucent door.
  1279 | D:2      | Noticed Robin
  1292 | D:2      | Killed Robin
  1293 | D:2      | Reached XP level 3. HP: 22/26 MP: 3/9
  1910 | D:2      | Noticed Natasha
  1915 | D:2      | Killed Natasha
  1916 | D:2      | Reached XP level 4. HP: 30/34 MP: 6/10
  2150 | D:2      | Noticed Natasha
  2167 | D:2      | Killed Natasha
  2216 | D:2      | Noticed Natasha
  2223 | D:2      | Killed Natasha
  2454 | D:2      | Noticed Crazy Yiuf
  2552 | D:3      | Reached skill level 1 in Maces & Flails
  2560 | D:3      | Reached XP level 5. HP: 20/39 MP: 3/12
  2819 | D:3      | Found Uruyd's Book Emporium.
  2861 | D:3      | Noticed an ogre
  2871 | D:3      | Mangled by an ogre

Illustrated notes

Levels and vault maps discovered:
D:1:      dpeg_arrival_arbitrary_c, layout_loops_ring, serial_shops,
          nicolae_shop_trees, minmay_tetromino_l4
D:2:      layout_loops_ring, basic_altar, basic_ecumenical_altar, uniq_natasha,
          uniq_robin, uniq_crazy_yiuf_cottage
D:3:      layout_basic, serial_shops, shop_statue, st_stairs_1,
          minmay_fractal_squares_diagonal_5

Skill      XL: |  1  2  3  4 |
---------------+-------------+-----
Stealth        | 2 |  2.3
Spellcasting   | 2 |  2.9
Earth Magic    | 3 |  3.6
Maces & Flails | 1 |  1.1
Fighting       | |  0.6
Throwing       | |  0.8
Armour         | |  0.9
Dodging        | |  1.9
Transmutations | |  0.8

Action                   |  1- 3 |  4- 6 || total
-------------------------+-------+-------++-------
Melee: Dagger            |    13 |       ||    13
       Punch             |     1 |     1 ||     2
       Club              |     1 |       ||     1
       Mace              |    29 |    13 ||    42
Throw: Dart              |     4 |       ||     4
 Cast: Sandblast         |    38 |    13 ||    51
  Use: Scroll            |     5 |       ||     5
       Potion            |     2 |     1 ||     3
 Stab: Sleeping          |     2 |       ||     2
Armor: Robe              |     3 |       ||     3
       Leather armour    |    11 |     2 ||    13
       Chain mail        |       |     3 ||     3
Dodge: Dodged            |    28 |     5 ||    33
